 Dungeon Crawl Stone Soup version 0.23-a0-470-g6f7cfd9 (webtiles) character file.

157260 Firecrotchwizard the Fencer (level 16, -6/131 HPs)
             Began as a Demonspawn Gladiator on Nov 27, 2018.
             Was the Champion of Makhleb.
             Mangled by an anaconda (11 damage)
             ... on level 1 of the Snake Pit.
             The game lasted 01:28:20 (29068 turns).

Firecrotchwizard the Fencer (Demonspawn Gladiator) Turns: 29068, Time: 01:28:21

Health: -6/131     AC: 24    Str: 27    XL:     16   Next: 84%
Magic:  0/35       EV: 10    Int: 16    God:    Makhleb [******]
Gold:   2378       SH:  0    Dex: 17    Spells: 13/15 levels left

rFire    + . .     SeeInvis .   D - +3 triple sword "Spiderbane" {speed, rElec Str+9}
rCold    + . .     Gourm    .   (shield currently unavailable)
rNeg     . . .     Faith    +   E - +3 plate armour {MR+}
rPois    +         Spirit   +   (helmet unavailable)
rElec    +         Reflect  .   X - scarf {Spirit}
rCorr    .         Harm     .   Q - +2 pair of gloves
MR       ++...                  (no boots)
Stlth    ..........             n - amulet of faith {Faith, !P}
HPRegen  0.31/turn              x - ring "Jiywito" {rPois rF+ Int+5 Slay+3}
MPRegen  0.24/turn              b - ring "Woopp" {+Fly rC+ MP+9}

@: lethally poisoned (-6 -> -17), hasted, constricted, very quick
A: horns 3, molten scales 2, demonic guardian 2, powered by pain 2
}: 1/15 runes: barnacled
a: Minor Destruction, Lesser Servant of Makhleb, Major Destruction, Greater
Servant of Makhleb, Renounce Religion, Evoke Flight


You were on level 1 of the Snake Pit.
You worshipped Makhleb.
Makhleb was exalted by your worship.
You were not hungry.

You visited 6 branches of the dungeon, and saw 28 of its levels.
You also visited: Labyrinth.

You collected 2714 gold pieces.
You spent 336 gold pieces at shops.

Inventory:

Hand Weapons
 r - a +2 falchion of flaming
   (You took it off Eustachio on level 5 of the Dungeon)
 D - the +3 triple sword "Spiderbane" (weapon) {speed, rElec Str+9}
   (You acquired it on level 6 of the Lair of Beasts)

   Attacks with this weapon are significantly faster.
   It affects your strength (+9).
   It insulates you from electricity.
Missiles
 d - 6 throwing nets {=f, !d}
 T - 5 silver javelins (quivered)
Armour
 a - the +8 chain mail of Jyfucsif {Int+10}
   (You found it in a labyrinth)

   It affects your intelligence (+10).
 E - a +3 plate armour of magic resistance (worn)
   (You took it off an orc warlord on level 1 of the Orcish Mines)
 G - a +2 cloak
   (You took it off Maurice on level 9 of the Dungeon)
 Q - a +2 pair of gloves (worn)
   (You found it on level 11 of the Dungeon)
 X - a scarf of spirit shield (worn)
   (You found it in a labyrinth)
Jewellery
 b - the ring "Woopp" (right hand) {+Fly rC+ MP+9}
   (You found it in a labyrinth)

   [ring of magical power]

   It protects you from cold.
   It affects your magic capacity (+9).
   It lets you fly.
 n - an amulet of faith (around neck) {Faith, !P}
   (You found it on level 2 of the Dungeon)
 x - the ring "Jiywito" (left hand) {rPois rF+ Int+5 Slay+3}
   (You found it on level 5 of the Dungeon)

   [ring of slaying]

   It affects your intelligence (+5).
   It affects your accuracy and damage with ranged weapons and melee attacks
   (+3).
   It protects you from fire.
   It protects you from poison.
 O - an uncursed amulet of the acrobat
   (You found it on level 3 of the Shoals)
 Y - the ring of the Final Decision {Fire rPois}
   (You found it in a labyrinth)

   [ring of fire]

   It enhances your fire magic.
   It protects you from fire.
   It makes you vulnerable to cold.
   It protects you from poison.
Wands
 e - a wand of polymorph (28)
   (You found it in a labyrinth)
 i - a wand of iceblast (20)
   (You found it on level 7 of the Dungeon)
 j - a wand of random effects (6)
   (You took it off Sigmund in the Ecumenical Temple)
 H - a wand of scattershot (9)
   (You took it off Maurice on level 9 of the Dungeon)
 I - a wand of enslavement (6)
   (You found it on level 14 of the Dungeon)
 L - a wand of flame (114)
   (You took it off a big kobold on level 10 of the Dungeon)
 P - a wand of digging (11)
   (You took it off a kobold on level 11 of the Dungeon)
 U - a wand of acid (8)
   (You found it on level 3 of the Lair of Beasts)
 V - a wand of disintegration (21)
   (You found it in a labyrinth)
 Z - a wand of clouds (9)
   (You found it in a labyrinth)
Scrolls
 l - 17 scrolls of remove curse
 s - 2 scrolls of fear
 u - 14 scrolls of teleportation
 y - 2 scrolls of enchant weapon
 J - 2 scrolls of blinking {!r}
 K - 2 scrolls of silence
 M - a scroll of brand weapon {unknown}
 N - 3 scrolls of magic mapping {!r}
 R - 3 scrolls of enchant armour
Potions
 c - 6 potions of cancellation
 g - 5 potions of heal wounds
 h - 2 potions of resistance
 k - 10 potions of curing
 m - 6 potions of brilliance
 p - 6 potions of flight
 q - 4 potions of lignification {!q}
 t - 3 potions of invisibility
 v - 3 potions of agility {unknown}
 w - 5 potions of degeneration {!q}
 z - 4 potions of magic
 B - 2 potions of ambrosia {unknown}
 C - a potion of haste
 W - a potion of mutation {unknown}
Miscellaneous
 A - a lightning rod (4/4)
   (You found it on level 6 of the Lair of Beasts)
 F - a box of beasts
Comestibles
 f - 38 rations
 o - 4 chunks of flesh {@w0}


   Skills:
 - Level 13.2 Fighting
 * Level 17.8 Long Blades
 - Level 1.7 Throwing
 - Level 11.7 Armour
 + Level 9.6 Dodging
 + Level 14.3 Invocations


You had 13 spell levels left.
You knew the following spells:

 Your Spells              Type           Power        Failure   Level  Hunger
b - Blink                 Tloc           N/A          96%         2    ###....

Your spell library contained the following spells:

 Spells                   Type           Power        Failure   Level  Hunger
 Animate Skeleton         Necr           N/A          89%         1    ##.....
 Apportation              Tloc           #.....       89%         1    ##.....
 Confusing Touch          Hex            #.....       89%         1    ##.....
 Pain                     Necr           #...         89%         1    ##.....
 Sandblast                Erth           #.....       89%         1    ##.....
 Shock                    Conj/Air       #...         89%         1    ##.....
 Summon Butterflies       Summ           #.......     89%         1    ##.....
 Passwall                 Tmut/Erth      #.......     96%         2    ###....
 Shroud of Golubria       Chrm/Tloc      #.........   96%         2    ###....
 Sublimation of Blood     Necr           #.........   96%         2    ###....
 Swiftness                Chrm/Air       #.......     96%         2    ###....
 Confuse                  Hex            #.......     99%         3    ####...
 Gell's Gravitas          Tloc           #.........   99%         3    ####...
 Lesser Beckoning         Tloc           #.........   99%         3    ####...
 Regeneration             Chrm/Necr      #.........   99%         3    ####...
 Spider Form              Tmut/Pois      #.........   99%         3    ####...
 Static Discharge         Conj/Air       #.......     99%         3    ####...
 Stone Arrow              Conj/Erth      #.....       99%         3    ####...
 Teleport Other           Tloc           #.......     99%         3    ####...
 Tukima's Dance           Hex            #.......     99%         3    ####...
 Vampiric Draining        Necr           #.........   99%         3    ####...
 Airstrike                Air            #.........   100%        4    #####..
 Animate Dead             Necr           N/A          100%        4    #####..
 Passage of Golubria      Tloc           N/A          100%        4    #####..
 Petrify                  Tmut/Erth      #.......     100%        4    #####..
 Alistair's Intoxication  Tmut/Pois      #.......     100%        5    ######.
 Bolt of Draining         Conj/Necr      #.........   100%        5    ######.
 Lee's Rapid Deconstruct  Erth           #.........   100%        5    ######.
 Lightning Bolt           Conj/Air       #.........   100%        5    ######.
 Metabolic Englaciation   Hex/Ice        #.........   100%        5    ######.
 Yara's Violent Unravell  Hex/Tmut       #.........   100%        5    ######.
 Invisibility             Hex            #.......     100%        6    #######


Dungeon Overview and Level Annotations

Branches:
Dungeon (14/15)            Temple (1/1) D:4            Lair (6/6) D:11
 Shoals (4/4) Lair:4        Snake (1/4) Lair:3        Slime (0/5) Lair:5
    Orc (2/2) D:10            Elf (0/3) Orc:2        Vaults (0/5) D:13

Altars:
Ashenzari
Cheibriados
Dithmenos
Elyvilon
Fedhas
Gozag
Hepliaklqana
Kikubaaqudgha
Makhleb
Nemelex Xobeh
Okawaru
Qazlal
Ru
Sif Muna
Trog
Uskayaw
Vehumet
Wu Jian
Xom
Yredelemnul
Zin
The Shining One
Jiyva

Shops:
D:6 ?   D:10 %   D:11 *   D:13 *   D:14 *   Orc:2 }*[=   Shoals:1 =
Shoals:4 =

Annotations:
Lair:4 exclusion: 3 oklob plants
Shoals:3 exclusion: Roxanne, Roxanne


Innate Abilities, Weirdness & Mutations

You have a pair of large horns on your head.
You are mostly covered in molten scales. (AC +3)
A demonic guardian rushes to your aid.
You sometimes gain power by taking damage.


Message History

You closely miss the mana viper.
You feel sick.
The black mamba bites you but does no damage.
The anaconda closely misses you. The anaconda constricts you.
The mana viper bites you!
You feel your power leaking away.
Your blizzard demon gestures at the naga sharpshooter.
The bolt of cold hits the naga sharpshooter. x2
The black mamba bites you but does no damage.
You take 10 damage, and have 73/131 hp.
You now have 9/35 mp.
You hit the mana viper. Your headbutt misses the mana viper.
The anaconda bites you! The anaconda constricts you. The mana viper bites you!
You feel your power leaking away.
The naga sharpshooter spits poison at your blizzard demon.
The splash of poison hits your blizzard demon.
Your blizzard demon appears unharmed.
Your ice devil closely misses the anaconda.
The black mamba barely misses you.
You riposte.
You miss the black mamba. You headbutt the black mamba!!
Your blizzard demon waves its arms in wide circles.
The naga sharpshooter is struck by the twisting air!
The anaconda bites you. The anaconda constricts you.
You take 21 damage, and have 52/131 hp.
You now have 0/35 mp.
You barely miss the mana viper.
Your ice devil disappears in a puff of smoke!
The mana viper bites you! The black mamba bites you.
* * * LOW HITPOINT WARNING * * *
You are more poisoned.
The black mamba poisons you!
The naga sharpshooter casts a spell.
The naga sharpshooter magically shoots an arrow.
The arrow hits your blizzard demon!
The anaconda bites you but does no damage.
* * * LOW HITPOINT WARNING * * *
The anaconda constricts you.
The naga sharpshooter shoots a bolt.
The bolt hits your blizzard demon!!
Your blizzard demon dies!
The naga sharpshooter shouts!
You take 16 damage, and have 36/131 hp.
You barely miss the mana viper.
The naga sharpshooter shouts!
You headbutt the mana viper!
You feel sick. The black mamba closely misses you.
You riposte.
You closely miss the black mamba. Your headbutt misses the black mamba.
The mana viper bites you but does no damage.
The anaconda barely misses you.
You riposte.
You closely miss the anaconda. The anaconda constricts you.
You take 2 damage, and have 34/131 hp.
You hit the mana viper. Your headbutt misses the mana viper.
You feel sick. The black mamba barely misses you.
You riposte.
You miss the black mamba. Your headbutt misses the black mamba.
The anaconda bites you.
* * * LOW HITPOINT WARNING * * *
The anaconda constricts you.
The mana viper bites you but does no damage.
The black mamba closely misses you.
The naga sharpshooter mumbles some strange words.
The naga sharpshooter magically shoots a bolt.
The bolt hits you!
* * * LOW HITPOINT WARNING * * *
You take 12 damage, and have 22/131 hp.
Unknown command.
You slice the mana viper!!
You kill the mana viper!
Makhleb accepts your kill.
You feel better.
You feel sick.
The anaconda bites you but does no damage.
The anaconda constricts you. The black mamba misses you.
The anaconda bites you but does no damage.
* * * LOW HITPOINT WARNING * * *
The anaconda constricts you.
You regained 11 hp, and now have 33/131 hp.
Your plate armour prevents you from hitting the anaconda.
You feel sick. The black mamba barely misses you. The anaconda misses you.
* * * LOW HITPOINT WARNING * * *
The anaconda constricts you.
A naga comes into view. It is wielding a +0 trident.
You take 3 damage, and have 30/131 hp.
You slice the anaconda!! Your headbutt misses the anaconda.
You feel sick. The black mamba closely misses you. The anaconda bites you.
* * * LOW HITPOINT WARNING * * *
The anaconda constricts you.
The naga sharpshooter casts a spell.
The naga sharpshooter magically shoots an arrow.
The arrow hits you.
* * * LOW HITPOINT WARNING * * *
The black mamba bites you but does no damage.
You take 7 damage, and have 23/131 hp.
You now have 0/35 mp.
You feel better. The anaconda barely misses you. The anaconda constricts you.
The black mamba bites you but does no damage.
The anaconda bites you!
* * * LOW HITPOINT WARNING * * *
x2 The anaconda constricts you.
You feel yourself speed up. The black mamba bites you.
* * * LOW HITPOINT WARNING * * *
You are poisoned.
The black mamba poisons you! The anaconda bites you!
* * * LOW HITPOINT WARNING * * *
The anaconda constricts you. The black mamba bites you!
* * * LOW HITPOINT WARNING * * *
The anaconda bites you!
You die...

.......# . .......# .
#.....# .## #....# ..##
#...# ...## ##.†### .
....## ##..N..###....
.....## ##.N(NS@)...>..
......####..(###S.......
.......##...## #.........
##(........## ##........
..........## #....:....
..........# #.........
/.......÷.## ##........#
##
.....###...###.........###
.# ..####
##................## .##


You could see 2 naga sharpshooters, an anaconda, a black mamba and a naga.

Vanquished Creatures
  A kraken (Shoals:3)
  An orc warlord (Orc:1)
  3 merfolk javelineers (Shoals:4)
  Snorg (Orc:2)
  7 merfolk impalers
  5 hydras
  4 centaur warriors
  7 vault guards (D:13)
  An ice dragon (Lair:6)
  An anaconda (Snake:1)
  A satyr (Shoals:3)
  A merfolk avatar (Shoals:4)
  3 two-headed ogres
  4 merfolk aquamancers
  Urug (D:10)
  7 death yaks
  3 orc high priests (Orc:2)
  12 sea snakes
  An unseen horror (D:14)
  A naga ritualist (Snake:1)
  A deep elf archer (D:14)
  2 lindwurms (Lair:6)
  9 orc knights
  Pikel (D:4)
  3 harpies (Shoals:4)
  7 ugly things
  4 orc sorcerers (Orc:2)
  2 deep elf magi
  4 cyclopes
  A mana viper (Snake:1)
  A wolf spider (Lair:6)
  3 elephants (Lair:5)
  2 fauns (Shoals:1)
  17 manticores
  Maurice (D:9)
  A guardian serpent (Lair:6)
  7 merfolk sirens
  4 torpor snails (Lair:6)
  13 spiny frogs
  12 black mambas
  2 water nymphs
  A rime drake (shapeshifter) (D:14)
  4 komodo dragons
  A centaur skeleton (D:13)
  A rime drake (Lair:5)
  4 kobold demonologists (D:11)
  An efreet (D:13)
  Grinder (D:6)
  3 tyrant leeches (Lair:6)
  7 wind drakes
  2 polar bears (Lair:6)
  2 meliai
  27 merfolk
  5 trolls
  3 blink frogs (Lair:1)
  11 hornets
  A dream sheep (Lair:6)
  A slime creature (D:13)
  11 hippogriffs
  7 snapping turtles
  2 redbacks (Lair:6)
  Sigmund (Temple)
  9 water elementals
  3 wraiths (Lair:4)
  8 wyverns
  Eustachio (D:5)
  3 basilisks
  51 yaks
  2 hungry ghosts
  A vampire (D:11)
  A steam dragon (Lair:2)
  Menkaure (D:4)
  5 wargs (Orc:2)
  Edmund (D:4)
  A warg (shapeshifter) (D:14)
  3 acid dragons
  27 water moccasins
  7 porcupines
  3 slaves (D:4)
  2 black bears
  32 orc warriors
  4 ice beasts
  6 sky beasts
  9 ogres
  2 phantoms (D:13)
  14 wolves
  12 centaurs
  7 crocodiles
  4 big kobolds
  Blork the orc (D:4)
  22 bullfrogs
  2 gnoll sergeants
  A wyvern zombie (D:13)
  4 scorpions
  12 killer bees
  A wight (D:11)
  3 howler monkeys
  5 electric eels (D:11)
  6 crimson imps
  3 centaur zombies
  A quasit (D:7)
  2 bullfrog zombies
  3 jellies
  12 hounds
  A gnoll shaman (D:6)
  18 orc priests
  25 orc wizards
  5 bullfrog skeletons
  5 iguanas
  Jessica (D:3)
  Natasha (thrice) (D:2)
  10 worker ants
  A hound zombie (D:9)
  2 hound skeletons
  10 adders
  13 gnolls
  5 shadow imps
  6 oozes
  An adder skeleton (D:5)
  A worm (D:4)
  4 leopard geckos
  104 orcs
  9 bats
  7 giant cockroaches
  5 goblins
  6 hobgoblins
  25 jackals
  27 kobolds
  4 quokkas
  4 ball pythons
  9 frilled lizards
  A quokka skeleton (D:4)
  17 rats
  A tentacle (Shoals:3)
885 creatures vanquished.

Vanquished Creatures (collateral kills)
  Rupert (D:12)
  Ilsuiw (Shoals:3)
  A minotaur (Lab)
  A merfolk javelineer (Shoals:3)
  Josephine (Lair:4)
  A vault guard (D:13)
  A hydra (Lair:5)
  A merfolk avatar (Shoals:4)
  2 centaur warriors (D:13)
  A merfolk aquamancer (Shoals:4)
  4 death yaks
  A fire crab (shapeshifter) (D:11)
  A sea snake (Shoals:2)
  5 harpies (Shoals:4)
  4 ugly things (D:11)
  An orc sorcerer (Orc:1)
  2 manticores
  2 slime creatures (D:13)
  7 merfolk sirens
  3 fauns
  2 black mambas (Snake:1)
  An elephant (Lair:5)
  2 water nymphs
  A centaur zombie (D:10)
  A torpor snail (Lair:6)
  4 rime drakes (Lair:5)
  A komodo dragon (D:11)
  A troll (D:11)
  11 merfolk
  A meliai (D:14)
  3 dream sheep (Lair:6)
  2 blink frogs (Lair:1)
  4 hippogriffs
  A hornet (Lair:6)
  A water elemental (Shoals:1)
  9 wyverns
  9 basilisks
  11 yaks
  3 water moccasins (Lair:3)
  A porcupine (Lair:2)
  4 orc warriors
  2 centaurs
  7 wolves
  3 big kobolds (D:11)
  2 hounds
  An orc priest (Orc:1)
  3 jellies (Lair:5)
  5 orc wizards
  9 orcs
  A ball python (Lair:3)
  A kobold (D:11)
  A bush (Lair:5)
  A fungus (Lair:4)
  2 tentacles (Shoals:3)
152 creatures vanquished.

Vanquished Creatures (others)
  An unseen horror (D:13)
  An orc wizard (Orc:2)
  An orc (Orc:1)
  A bush (Lair:6)
  20 fungi
  40 plants
  9 tentacles (Shoals:3)
73 creatures vanquished.

Grand Total: 1110 creatures vanquished

Notes
Turn   | Place    | Note
-------+----------+-------------------------------------------
     0 | D:1      | Firecrotchwizard the Demonspawn Gladiator began the quest
                  | for the Orb.
     0 | D:1      | Reached XP level 1. HP: 16/16 MP: 1/1
     0 | D:1      | meem: I am meem, an upgrade of beem built by MalcolmRose
                  | (check out Malcolm's DCSS vids and other projects at
                  | http://youtube.com/malcolmrosegaming). To have me follow
                  | you in your games, type !subscribemeem - to make me go away
                  | forever, type !quitmeem - For help, type: !meem
    93 | D:1      | Reached skill level 3 in Long Blades
   102 | D:1      | Gained mutation: You have a pair of small horns on your
                  | head. [demonic ancestry]
   102 | D:1      | Reached XP level 2. HP: 19/22 MP: 2/2
   250 | D:1      | Reached skill level 3 in Dodging
   320 | D:1      | Gained mutation: You are partially covered in molten
                  | scales. (AC +2) [demonic ancestry]
   320 | D:1      | Reached XP level 3. HP: 25/28 MP: 3/3
   828 | D:2      | Noticed Natasha
   848 | D:2      | HP: 7/28 [Natasha (7)]
   851 | D:2      | HP: 2/28 [Natasha/magic dart (5)]
   852 | D:2      | Killed Natasha
   852 | D:2      | Reached XP level 4. HP: 2/34 MP: 4/4
   863 | D:2      | Noticed Natasha
  1134 | D:2      | Killed Natasha
  1180 | D:2      | Noticed Natasha
  1318 | D:2      | Killed Natasha
  1318 | D:2      | Reached skill level 3 in Fighting
  1318 | D:2      | Reached skill level 4 in Long Blades
  1455 | D:2      | Gained mutation: You have a pair of horns on your head.
                  | [demonic ancestry]
  1455 | D:2      | Reached XP level 5. HP: 39/41 MP: 5/5
  2356 | D:3      | Noticed Jessica
  2359 | D:3      | Killed Jessica
  2629 | D:4      | Noticed Edmund
  2632 | D:4      | Noticed Menkaure
  2632 | D:4      | Noticed Sigmund
  3213 | D:4      | Noticed Blork the orc
  3222 | D:4      | Killed Blork the orc
  3222 | D:4      | Reached XP level 6. HP: 36/47 MP: 6/6
  3343 | D:4      | Killed Menkaure
  3343 | D:4      | Reached skill level 5 in Long Blades
  3343 | D:4      | Reached skill level 4 in Dodging
  3749 | D:4      | Noticed a slave
  3789 | D:5      | Entered Level 5 of the Dungeon
  3831 | D:5      | HP: 12/48 [gnoll/+0 spear (5)]
  3832 | D:5      | Reached skill level 4 in Fighting
  3998 | D:5      | Gained mutation: You are mostly covered in molten scales.
                  | (AC +3) [demonic ancestry]
  3998 | D:5      | Reached XP level 7. HP: 40/54 MP: 7/7
  4208 | D:5      | Noticed Eustachio
  4224 | D:5      | Killed Eustachio
  4224 | D:5      | Reached skill level 6 in Long Blades
  4224 | D:5      | Reached skill level 1 in Armour
  4385 | D:5      | Found a shadowy altar of Dithmenos.
  4446 | D:5      | Got a shimmering platinum ring
  4447 | D:5      | Identified the ring "Jiywito" {rPois rF+ Int+5 Slay+3} (You
                  | found it on level 5 of the Dungeon)
  4604 | D:5      | HP: 6/55 [orc warrior/+0 long sword (19)]
  4610 | D:5      | Reached skill level 2 in Armour
  4910 | D:6      | Found Napsys's Magic Scroll Boutique.
  4946 | D:6      | Gained mutation: A weak demonic guardian rushes to your
                  | aid. [demonic ancestry]
  4946 | D:6      | Reached XP level 8. HP: 59/61 MP: 8/8
  4979 | D:6      | Reached skill level 5 in Fighting
  5142 | D:6      | Noticed Grinder
  5287 | D:6      | Paralysed by Grinder for 7 turns
  5295 | D:6      | Killed Grinder
  5295 | D:6      | Reached skill level 7 in Long Blades
  5324 | D:6      | Reached skill level 3 in Armour
  5409 | D:6      | Bought a scroll of teleportation for 42 gold pieces
  5409 | D:6      | Bought a scroll of teleportation for 42 gold pieces
  5409 | D:6      | Bought a scroll of teleportation for 42 gold pieces
  5675 | D:7      | Reached skill level 6 in Fighting
  5676 | D:7      | Reached skill level 8 in Long Blades
  5806 | D:7      | Reached XP level 9. HP: 69/69 MP: 9/9
  5835 | D:7      | Reached skill level 4 in Armour
  7026 | D:4      | Found a staircase to the Ecumenical Temple.
  7035 | Temple   | Entered the Ecumenical Temple
  7037 | Temple   | Killed Sigmund
  7105 | Temple   | Became a worshipper of Makhleb the Destroyer
  7125 | D:4      | Killed Edmund
  7125 | D:4      | Reached skill level 9 in Long Blades
  7344 | D:4      | Noticed Pikel
  7357 | D:4      | Killed Pikel
  7357 | D:4      | Reached skill level 7 in Fighting
  7357 | D:4      | Reached skill level 5 in Armour
  7518 | D:4      | Got a shimmering ring mail
  7567 | D:4      | Identified the +1 ring mail of Bogoisef {rN+ Regen+} (You
                  | found it on level 4 of the Dungeon)
  7838 | D:8      | Reached * piety under Makhleb
  7999 | D:8      | Found a hide-covered altar of Uskayaw.
  8068 | D:8      | Reached XP level 10. HP: 60/79 MP: 10/10
  8483 | D:9      | Reached skill level 10 in Long Blades
  8655 | D:9      | Reached ** piety under Makhleb
  8761 | D:9      | Found an iron altar of Okawaru.
  8885 | D:9      | Noticed Maurice
  8890 | D:9      | Killed Maurice
  8890 | D:9      | Reached skill level 8 in Fighting
  8890 | D:9      | Reached skill level 6 in Armour
  8890 | D:9      | Reached skill level 1 in Invocations
  8920 | D:9      | Reached skill level 2 in Invocations
  9188 | D:10     | Entered Level 10 of the Dungeon
  9258 | D:10     | Reached skill level 3 in Invocations
  9362 | D:10     | Noticed a cyclops
  9375 | D:10     | Killed a cyclops
  9425 | D:10     | Found Kutou's Food Emporium.
  9465 | D:10     | Reached skill level 4 in Invocations
  9480 | D:10     | Reached *** piety under Makhleb
  9498 | D:10     | Reached skill level 7 in Armour
  9498 | D:10     | Reached skill level 5 in Invocations
  9574 | D:10     | Noticed Urug
  9704 | D:10     | Found a staircase to the Orcish Mines.
  9896 | D:10     | Killed Urug
  9896 | D:10     | Reached skill level 9 in Fighting
  9921 | D:10     | Gained mutation: A demonic guardian rushes to your aid.
                  | [demonic ancestry]
  9921 | D:10     | Reached XP level 11. HP: 72/89 MP: 15/15
 10095 | D:11     | Noticed a cyan ugly thing
 10097 | D:11     | Noticed a red ugly thing
 10102 | D:11     | Killed a cyan ugly thing
 10111 | D:10     | Reached skill level 6 in Invocations
 10359 | D:11     | Killed a red ugly thing
 10388 | D:11     | Reached **** piety under Makhleb
 10458 | D:11     | Reached skill level 7 in Invocations
 10548 | D:11     | Reached skill level 8 in Armour
 10857 | D:11     | Found a staircase to the Lair.
 11193 | D:11     | Noticed a white ugly thing
 11193 | D:11     | Noticed a cyan ugly thing
 11205 | D:11     | Reached ***** piety under Makhleb
 11216 | D:11     | Killed a cyan ugly thing
 11216 | D:11     | Reached skill level 10 in Fighting
 11236 | D:11     | Noticed a fire crab
 11239 | D:11     | Killed a cyan ugly thing
 11239 | D:11     | Reached skill level 8 in Invocations
 11248 | D:11     | Killed a fire crab
 11401 | D:11     | Noticed a two-headed ogre
 11412 | D:11     | Killed a two-headed ogre
 11545 | D:11     | Found a shattered altar of Ashenzari.
 11598 | D:11     | Reached skill level 9 in Invocations
 11731 | D:11     | Noticed a red ugly thing
 11741 | D:11     | Killed a red ugly thing
 11911 | D:11     | Noticed a sun demon
 11917 | D:11     | Reached skill level 9 in Armour
 11917 | D:11     | Gained mutation: You sometimes gain a little power by
                  | taking damage. [demonic ancestry]
 11917 | D:11     | Reached XP level 12. HP: 99/99 MP: 18/18
 12151 | D:11     | Found Goask's Assorted Antiques.
 12155 | D:11     | Bought a scroll labeled WAUDUY KAGO for 20 gold pieces
 12155 | D:11     | Bought a scroll labeled FUBLAI PANOEGGI for 20 gold pieces
 12155 | D:11     | Bought a scroll labeled DENWAC LYSITES for 20 gold pieces
 12155 | D:11     | Bought a runed chain mail for 150 gold pieces
 12265 | Lair:1   | Entered Level 1 of the Lair of Beasts
 12717 | Lair:1   | Reached skill level 11 in Long Blades
 12720 | Lair:1   | Reached ****** piety under Makhleb
 13312 | Lair:2   | Reached skill level 11 in Fighting
 13402 | Lair:2   | Noticed a six-headed hydra
 13412 | Lair:2   | Killed a three-headed hydra
 14167 | Lair:3   | Found a labyrinth entrance.
 14176 | Lab      | Entered a labyrinth
 14258 | Lab      | Noticed a minotaur
 14260 | Lab      | Identified the Compendium of Doomed Changing
 14266 | Lab      | Killed a minotaur
 14273 | Lab      | Got a scorched bone ring
 14280 | Lab      | Got a bloodstained chain mail
 14280 | Lab      | Got a coiled bone ring
 14281 | Lab      | Identified the +8 chain mail of Jyfucsif {Int+10} (You
                  | found it in a labyrinth)
 14415 | Lab      | Identified the ring "Woopp" {+Fly rC+ MP+9} (You found it
                  | in a labyrinth)
 14416 | Lab      | Identified the ring of the Final Decision {Fire rPois} (You
                  | found it in a labyrinth)
 14729 | Lair:3   | Reached skill level 12 in Long Blades
 14729 | Lair:3   | Reached skill level 10 in Armour
 14991 | Lair:3   | Found a staircase to the Snake Pit.
 15294 | Lair:3   | Reached XP level 13. HP: 107/107 MP: 17/19
 15832 | Lair:4   | Noticed Josephine
 15843 | Lair:4   | Killed Josephine
 16340 | Lair:4   | Found a staircase to the Shoals.
 16660 | Lair:5   | Reached skill level 12 in Fighting
 16773 | Lair:5   | Found a runed door.
 16774 | Lair:5   | Found a viscous altar of Jiyva.
 16775 | Lair:5   | Found a staircase to the Slime Pits.
 16789 | Lair:5   | Reached skill level 13 in Long Blades
 17336 | Lair:4   | Reached skill level 11 in Armour
 17728 | Lair:6   | Entered Level 6 of the Lair of Beasts
 18324 | Lair:6   | Gained mutation: You have a pair of large horns on your
                  | head. [demonic ancestry]
 18324 | Lair:6   | Reached XP level 14. HP: 99/116 MP: 20/20
 18548 | Lair:6   | Reached skill level 14 in Long Blades
 18786 | Lair:6   | Found a blossoming altar of Fedhas.
 18909 | Lair:6   | Reached skill level 13 in Fighting
 19374 | Lair:6   | Found a runed door.
 19713 | Lair:6   | Identified a scroll of acquirement
 19714 | Lair:6   | Got a bone triple sword
 19715 | Lair:6   | Identified the +3 triple sword "Spiderbane" {speed, rElec
                  | Str+9} (You acquired it on level 6 of the Lair of Beasts)
 19950 | Lair:6   | Paralysed by a hornet for 1 turns
 20738 | D:12     | Noticed Rupert
 20748 | D:12     | Killed Rupert
 21102 | D:12     | Found a deep blue altar of Sif Muna.
 21346 | D:12     | Identified Sif Muna's Grimoire of Destructive Flight
 21515 | D:13     | Reached skill level 5 in Dodging
 21563 | D:13     | Reached skill level 15 in Long Blades
 21567 | D:13     | Reached skill level 10 in Invocations
 21591 | D:13     | Found a gate to the Vaults.
 21987 | D:13     | Gained mutation: You sometimes gain power by taking damage.
                  | [demonic ancestry]
 21987 | D:13     | Reached XP level 15. HP: 124/124 MP: 22/22
 22058 | D:13     | Got a steaming ring mail
 22071 | D:13     | Learned a level 2 spell: Blink
 22080 | D:13     | Found a deep blue altar of Sif Muna.
 22165 | D:13     | Found Vuikh's Elemental Accessories.
 22355 | D:14     | Reached skill level 6 in Dodging
 22719 | D:14     | Found Xekk's Assorted Antiques.
 22913 | D:14     | Reached skill level 11 in Invocations
 23076 | D:14     | Got a blackened chain mail
 23077 | D:14     | Identified the +5 chain mail "Jiethuch" {+Inv Int+3} (You
                  | found it on level 14 of the Dungeon)
 23253 | D:14     | Found a sacrificial altar of Ru.
 23321 | Orc:1    | Entered Level 1 of the Orcish Mines
 23656 | Orc:2    | Entered Level 2 of the Orcish Mines
 23795 | Orc:2    | Reached skill level 16 in Long Blades
 23799 | Orc:2    | Reached skill level 7 in Dodging
 23803 | Orc:2    | Found a staircase to the Elven Halls.
 23806 | Orc:2    | Noticed Snorg
 23814 | Orc:2    | Killed Snorg
 24191 | Orc:2    | Found Hap Owus's Jewellery Emporium.
 24191 | Orc:2    | Found Ycautula's Antique Armour Boutique.
 24193 | Orc:2    | Found Vairghoc's Assorted Antiques.
 24193 | Orc:2    | Found Bykiesav's Gadget Boutique.
 24488 | Orc:1    | HP: 26/124 [orc warrior/+2 halberd of protection (14)]
 24490 | Orc:2    | HP: 12/124 [troll (6)]
 24496 | Orc:2    | HP: 28/124 [orc warrior/cursed -2 short sword (7)]
 24813 | Orc:1    | Reached skill level 12 in Invocations
 25006 | Orc:1    | Noticed an orc warlord
 25019 | Orc:1    | Killed an orc warlord
 25414 | Shoals:1 | Entered Level 1 of the Shoals
 25619 | Shoals:1 | Found Bear's Jewellery Shoppe.
 25993 | Shoals:1 | Reached skill level 8 in Dodging
 26221 | Shoals:2 | Reached XP level 16. HP: 131/131 MP: 25/25
 26428 | Shoals:2 | Reached skill level 13 in Invocations
 27152 | Shoals:3 | Reached skill level 17 in Long Blades
 27207 | Shoals:3 | Noticed Ilsuiw
 27219 | Shoals:3 | Killed Ilsuiw
 27358 | Shoals:3 | Noticed a kraken
 27372 | Shoals:3 | HP: 32/131 [kraken (7)]
 27373 | Shoals:3 | HP: 14/131 [tentacle[a kraken] (11)]
 27374 | Shoals:3 | Killed a kraken
 28039 | Shoals:3 | Noticed Roxanne
 28120 | Shoals:4 | Entered Level 4 of the Shoals
 28177 | Shoals:4 | Reached skill level 9 in Dodging
 28202 | Shoals:4 | Found Cik Hug's Jewellery Shoppe.
 28591 | Shoals:4 | Reached skill level 14 in Invocations
 28712 | Shoals:4 | Got a barnacled rune of Zot
 28930 | Snake:1  | Entered Level 1 of the Snake Pit
 29063 | Snake:1  | HP: 30/131 [anaconda (4)]
 29068 | Snake:1  | HP: 22/131 [black mamba (1)]
 29068 | Snake:1  | HP: 5/131 [black mamba (7)]
 29068 | Snake:1  | Mangled by an anaconda

Vault maps used:
D:1:      dpeg_arrival_three_same_balls
D:2:      first_ration, st_stairs_11, minmay_rat_gold_closets, uniq_natasha
D:3:      kennysheep_six_static_rooms, uniq_jessica
D:4:      minmay_temple_entry_large_hall, uniq_pikel, uniq_menkaure,
          uniq_edmund, uniq_sigmund, uniq_blork_the_orc
D:5:      grunt_dithmenos_smoke, uniq_eustachio
D:6:      serial_gnoll_camp, gnoll_camp_mini_hut, gnoll_camp_mini_hut,
          gnoll_camp_mini_loothouse, gnoll_camp_mini_hut, serial_shops,
          nicolae_shop_crystal, kennysheep_generic_room_7, uniq_grinder
D:8:      basic_altar
D:9:      kennysheep_mini, uniq_maurice
D:10:     orc_0_dummy, serial_shops, nicolae_shop_waterfront,
          blue_anna_alchemist, uniq_urug
D:11:     minmay_bloctagon, erik_lair_island, serial_shops, shop,
          lemuel_altar_in_water
D:12:     led_sif_book, uniq_rupert
D:13:     erik_vaults_2, basic_altar, nicolae_elemental_shop
D:14:     serial_shops, nicolae_shop_stone, nicolae_ru_path_of_blood,
          minmay_shattered_shrine
Temple:   nicolae_temple_the_god_donut
Lair:2:   chequers_serial_rivers_micro_d, chequers_serial_rivers_small_b,
          serial_bayou_shore_b
Lair:3:   minmay_snake_entry_six_corridors, lab_entry_generic,
          beast_lair_carwin_1, serial_bayou_shore_b
Lair:4:   shoals_dummy_entry, minmay_lair_oklob_chamber, uniq_josephine
Lair:5:   slime_altar_2
Lair:6:   hangedman_lair_tendril_chambers, wormcave, basic_altar
Shoals:1: serial_shops, shop
Shoals:3: ldierk_geyser, uniq_ilsuiw, uniq_roxanne
Shoals:4: shoals_end_simple, serial_shops, shop
Snake:1:  minmay_shop_star
Orc:1:    minmay_orc_barracks
Orc:2:    grunt_orc_tribal_feast, uniq_snorg
Lab:      labyrinth_hidden_loot, nicolae_lab_do_over, nicolae_lab_hexagon,
          lab_statue, labyrinth_skeletal_remains, nicolae_lab_lava

Skill      XL: |  1  2  3  4  5  6  7  8  9 10 11 12 13 14 15 16 |
---------------+-------------------------------------------------+-----
Long Blades    | 3 4 5 6 8 9 10 12 13 15 16 17 | 17.8
Dodging        | 3 4 5 8 9 |  9.6
Fighting       | 3 4 6 7 9 10 11 12 13 | 13.2
Armour         | 2 3 5 7 9 10 11 | 11.7
Invocations    | 5 9 10 12 14 | 14.3
Throwing       | |  1.7

Action                   |  1- 3 |  4- 6 |  7- 9 | 10-12 | 13-15 | 16-18 || total
-------------------------+-------+-------+-------+-------+-------+-------++-------
Melee: Long sword        |    78 |   183 |    18 |       |       |       ||   279
       Headbutt          |    16 |    33 |    61 |   207 |   344 |   113 ||   774
       Falchion          |       |       |   270 |   752 |   414 |       ||  1436
       Triple sword      |       |       |       |       |   554 |   330 ||   884
       Great sword       |       |       |       |       |    87 |       ||    87
Throw: Throwing net      |       |     1 |     2 |       |       |       ||     3
       Javelin           |       |       |       |    31 |   376 |     7 ||   414
Invok: Minor Destruction |       |       |       |    54 |    14 |     5 ||    73
       Major Destruction |       |       |       |     1 |     8 |       ||     9
       Lesser Servant of |       |       |       |       |    13 |     2 ||    15
       Greater Servant o |       |       |       |       |     6 |     4 ||    10
 Abil: Evoke Flight      |       |       |       |       |     1 |       ||     1
Evoke: Wand              |       |       |       |     2 |     4 |     1 ||     7
       Box of beasts     |       |       |       |     1 |       |       ||     1
  Use: Scroll            |       |     8 |     8 |    14 |    13 |     3 ||    46
       Potion            |       |       |     1 |       |     5 |     3 ||     9
 Stab: Held in net/web   |       |       |     3 |       |       |       ||     3
       Distracted        |       |       |     1 |     7 |     9 |     4 ||    21
  Eat: Chunk             |       |    10 |    10 |    23 |    24 |    10 ||    77
       Ration            |       |       |     1 |     1 |     4 |       ||     6
Armor: Leather armour    |    26 |       |       |       |       |       ||    26
       Scale mail        |     5 |    77 |    98 |       |       |       ||   180
       Ring mail         |       |       |    12 |   233 |       |       ||   245
       Chain mail        |       |       |       |   158 |   454 |       ||   612
       Plate armour      |       |       |       |       |    74 |   290 ||   364
Dodge: Dodged            |    70 |   120 |   148 |   463 |   550 |   300 ||  1651
Block: Other             |       |       |     7 |       |       |       ||     7
       Reflection        |       |       |     2 |       |       |       ||     2
       Rpst.: Long sword |    28 |    39 |     2 |       |       |       ||    69
       Falchion          |       |       |    39 |   123 |    46 |       ||   208
       Triple sword      |       |       |       |       |    96 |    65 ||   161
       Great sword       |       |       |       |       |     8 |       ||     8

Table legend:
 A = Non-vault XP
 B = Vault XP
 C = Vault XP percentage of total XP
 D = Non-vault monster count
 E = Vault monster count
 F = Vault count percentage of total count
                 A         B        C        D         E       F
            +---------+---------+-------+---------+---------+-------
      Total |  136102 |   69984 |  34.0 |     766 |     264 |  25.6
            +---------+---------+-------+---------+---------+-------
        D:1 |      49 |       0 |   0.0 |      25 |       0 |   0.0
        D:2 |     109 |      50 |  31.4 |      17 |      13 |  43.3
        D:3 |      67 |      48 |  41.7 |      20 |       7 |  25.9
        D:4 |      56 |    1073 |  95.0 |      13 |       4 |  23.5
        D:5 |     497 |     203 |  29.0 |      19 |       1 |   5.0
        D:6 |     404 |     631 |  61.0 |      16 |       9 |  36.0
        D:7 |    1329 |       0 |   0.0 |      32 |       0 |   0.0
        D:8 |     954 |       0 |   0.0 |      15 |       0 |   0.0
        D:9 |    1450 |     493 |  25.4 |      38 |       1 |   2.6
       D:10 |    3142 |     870 |  21.7 |      35 |       2 |   5.4
       D:11 |    6699 |    3898 |  36.8 |      77 |      23 |  23.0
       D:12 |    3298 |    1597 |  32.6 |      21 |       3 |  12.5
       D:13 |   10530 |    6759 |  39.1 |      53 |       8 |  13.1
       D:14 |    7790 |    5068 |  39.4 |      28 |      10 |  26.3
     Temple |       0 |     223 | 100.0 |       0 |       1 | 100.0
     Lair:1 |    4117 |       0 |   0.0 |      21 |       0 |   0.0
     Lair:2 |    3339 |       0 |   0.0 |      17 |       0 |   0.0
     Lair:3 |    4769 |    2998 |  38.6 |      25 |      23 |  47.9
     Lair:4 |    6757 |    1738 |  20.5 |      20 |       5 |  20.0
     Lair:5 |    7398 |    4235 |  36.4 |      23 |      32 |  58.2
     Lair:6 |    8120 |   15729 |  66.0 |      28 |      51 |  64.6
   Shoals:1 |   14054 |       0 |   0.0 |      36 |       0 |   0.0
   Shoals:2 |   15435 |       0 |   0.0 |      40 |       0 |   0.0
   Shoals:3 |   10747 |    3312 |  23.6 |      22 |       6 |  21.4
   Shoals:4 |   12024 |   10793 |  47.3 |      25 |      17 |  40.5
    Snake:1 |    4123 |       0 |   0.0 |       8 |       0 |   0.0
      Orc:1 |    4421 |    1456 |  24.8 |      56 |      17 |  23.3
      Orc:2 |    4424 |    7932 |  64.2 |      36 |      30 |  45.5
        Lab |       0 |     878 | 100.0 |       0 |       1 | 100.0
            +---------+---------+-------+---------+---------+-------

Vault maps used:
D:1:      dpeg_arrival_three_same_balls
D:2:      first_ration, st_stairs_11, minmay_rat_gold_closets, uniq_natasha
D:3:      kennysheep_six_static_rooms, uniq_jessica
D:4:      minmay_temple_entry_large_hall, uniq_pikel, uniq_menkaure,
          uniq_edmund, uniq_sigmund, uniq_blork_the_orc
D:5:      grunt_dithmenos_smoke, uniq_eustachio
D:6:      serial_gnoll_camp, gnoll_camp_mini_hut, gnoll_camp_mini_hut,
          gnoll_camp_mini_loothouse, gnoll_camp_mini_hut, serial_shops,
          nicolae_shop_crystal, kennysheep_generic_room_7, uniq_grinder
D:8:      basic_altar
D:9:      kennysheep_mini, uniq_maurice
D:10:     orc_0_dummy, serial_shops, nicolae_shop_waterfront,
          blue_anna_alchemist, uniq_urug
D:11:     minmay_bloctagon, erik_lair_island, serial_shops, shop,
          lemuel_altar_in_water
D:12:     led_sif_book, uniq_rupert
D:13:     erik_vaults_2, basic_altar, nicolae_elemental_shop
D:14:     serial_shops, nicolae_shop_stone, nicolae_ru_path_of_blood,
          minmay_shattered_shrine
Temple:   nicolae_temple_the_god_donut
Lair:2:   chequers_serial_rivers_micro_d, chequers_serial_rivers_small_b,
          serial_bayou_shore_b
Lair:3:   minmay_snake_entry_six_corridors, lab_entry_generic,
          beast_lair_carwin_1, serial_bayou_shore_b
Lair:4:   shoals_dummy_entry, minmay_lair_oklob_chamber, uniq_josephine
Lair:5:   slime_altar_2
Lair:6:   hangedman_lair_tendril_chambers, wormcave, basic_altar
Shoals:1: serial_shops, shop
Shoals:3: ldierk_geyser, uniq_ilsuiw, uniq_roxanne
Shoals:4: shoals_end_simple, serial_shops, shop
Snake:1:  minmay_shop_star
Orc:1:    minmay_orc_barracks
Orc:2:    grunt_orc_tribal_feast, uniq_snorg
Lab:      labyrinth_hidden_loot, nicolae_lab_do_over, nicolae_lab_hexagon,
          lab_statue, labyrinth_skeletal_remains, nicolae_lab_lava

Table legend:
 A = Turns spent in this place as a percentage of turns spent in the entire game.
 B = Non-inter-level travel turns spent in this place as a percentage of non-inter-level travel turns spent in the entire game.
 C = Inter-level travel turns spent in this place as a percentage of turns spent in this place.
 D = Turns resting spent in this place as a percentage of non-inter-level travel turns spent in this place.
 E = Turns spent auto-exploring this place as a percentage of non-inter-level travel turns spent in this place.
 F = Non-inter-level travel turns spent in this place divided by the number of levels of this place that you've seen.
                   A       B       C       D       E      F
               +-------+-------+-------+-------+-------+----------------------
         Total | 100.0 | 100.0 |   5.7 |  25.7 |  50.5 | 945.2
       Dungeon |  52.7 |  52.5 |   6.0 |  27.6 |  50.7 | 1028.8
        Temple |   0.3 |   0.3 |   0.0 |   0.0 |   0.0 |  80.0
          Lair |  27.1 |  26.9 |   6.4 |  19.4 |  59.3 | 1228.0
        Shoals |  11.9 |  12.0 |   5.1 |  24.6 |  40.0 | 822.2
     Snake Pit |   0.5 |   0.5 |   0.7 |   1.5 |  57.7 | 137.0
  Orcish Mines |   6.7 |   6.9 |   3.4 |  37.8 |  40.8 | 941.5
     Labyrinth |   0.9 |   0.9 |   0.0 |  45.2 |   0.0 | 250.0
               +-------+-------+-------+-------+-------+----------------------

Table legend:
 A = Kills in this place as a percentage of kills in entire the game.
 B = Kills by you in this place as a percentage of kills by you in the entire game.
 C = Kills by friends in this place as a percentage of kills by friends in the entire game.
 D = Other kills in this place as a percentage of other kills in the entire game.
 E = Experience gained in this place as a percentage of experience gained in the entire game.
 F = Experience gained in this place divided by the number of levels of this place that you have seen.
                   A       B       C       D       E      F
               +-------+-------+-------+-------+-------+----------------------
         Total | 100.0 | 100.0 | 100.0 | 100.0 | 100.0 | 7106.4
       Dungeon |  47.6 |  51.4 |  24.3 | 100.0 |  27.7 | 4076.0
        Temple |   0.1 |   0.1 |   0.0 |   0.0 |   0.1 | 223.0
          Lair |  23.8 |  21.2 |  39.2 |   0.0 |  28.7 | 9866.7
        Shoals |  14.2 |  12.4 |  25.0 |   0.0 |  32.2 | 16591.2
     Snake Pit |   0.8 |   0.7 |   1.4 |   0.0 |   2.0 | 4123.0
  Orcish Mines |  13.5 |  14.2 |   9.5 |   0.0 |   8.8 | 9116.5
     Labyrinth |   0.1 |   0.0 |   0.7 |   0.0 |   0.4 | 878.0
               +-------+-------+-------+-------+-------+----------------------
